 Dungeon Crawl Stone Soup version 0.32-a0-871-ge202e49faa (webtiles) character file.

Game seed: 17910166950128718546

148660 smashvw the Warrior (level 17, -7/105 HPs)
             Began as a Vine Stalker Fighter on Mar 29, 2024.
             Was an Elder of Uskayaw.
             Mangled by a nagaraja
             ... wielding a +3 spear
              (27 damage)
             ... on level 4 of the Snake Pit.
             The game lasted 01:17:18 (22406 turns).

smashvw the Warrior (Vine Stalker Fighter)         Turns: 22406, Time: 01:17:19

Health: -7/105     AC: 21    Str: 27    XL:     17   Next: 49%
Magic:  0/29       EV:  6    Int:  8    God:    Uskayaw [****..]
Gold:   1844       SH:  7    Dex: 25    Spells: 16/16 levels left

rFire   + + .        l - +7 dagger "smashvw's Foe" {freeze, rF+ Will+ Dex+5}
rCold   . . .        c - +0 buckler
rNeg    . . .        U - +0 plate armour
rPois   +            w - +0 helmet
rElec   +            (no cloak)
rCorr   .            b - +0 pair of gloves
SInv    .            P - +1 pair of boots {Stlth+}
Will    +++..        j - amulet of regeneration Stlth
                     S - +6 ring of dexterity
HPRegen 1.97/turn    K - ring of Gozag's Reproof {rPois rF+}
MPRegen 0.21/turn

%: guardian spirit
@: lethally poisoned (-7 -> -15), about to teleport
A: fangs 3, regeneration 1, magic shield, antimagic bite, no potion heal 2,
iridescent scales 1, electricity resistance, wild magic 1
a: Renounce Religion, Stomp, Line Pass


You were on level 4 of the Snake Pit.
You worshipped Uskayaw.
Uskayaw was pleased with you.
You visited 6 branches of the dungeon, and saw 26 of its levels.
You also visited: Ossuary and Volcano.

You collected 2664 gold pieces.
You spent 820 gold pieces at shops.

Inventory:

Hand Weapons
 a - a +0 heavy rapier
 l - the +7 dagger "smashvw's Foe" (weapon) {freeze, rF+ Will+ Dex+5}
   (You found it on level 2 of the Dungeon)

   Dex+5:     It affects your dexterity (+5).
   rF+:       It protects you from fire.
   Will+:     It increases your willpower.
 N - a +2 dagger of speed
Missiles
 F - 4 throwing nets
Armour
 b - a +0 pair of gloves (worn)
 c - a +0 buckler (worn)
 w - a +0 helmet (worn)
 A - a +0 kite shield
 P - a +1 pair of boots of stealth (worn)
 U - a +0 plate armour (worn)
Jewellery
 j - an amulet of regeneration (around neck)
 n - a ring of magical power
 t - a ring of see invisible
 H - a ring of protection from cold
 K - the ring of Gozag's Reproof (right hand) {rPois rF+}
   (You found it on level 9 of the Dungeon)

   [ring of poison resistance]

   rF+:       It protects you from fire.
   rPois:     It protects you from poison.
 L - a ring of magical power
 S - a +6 ring of dexterity (left hand)
 Y - a +5 ring of evasion
Wands
 f - a wand of paralysis (6)
 p - a wand of roots (18)
 O - a wand of flame (26) (quivered)
 Z - a wand of digging (2)
Scrolls
 e - 8 scrolls of teleportation
 i - 6 scrolls of poison
 m - 4 scrolls of enchant weapon
 r - 3 scrolls of enchant armour
 s - a scroll of summoning
 v - 4 scrolls of blinking
 x - 3 scrolls of fear
 y - 2 scrolls of amnesia
 C - a scroll of revelation
 I - a scroll of torment
 R - a scroll of brand weapon
Potions
 d - 2 potions of might
 g - 6 potions of enlightenment
 h - a potion of magic
 k - 5 potions of brilliance
 o - 2 potions of lignification
 q - a potion of berserk rage
 u - 9 potions of curing
 z - a potion of ambrosia
 D - 5 potions of mutation
 E - a potion of resistance
 G - 2 potions of degeneration
 J - 2 potions of invisibility
 M - 2 potions of cancellation {unknown}
 X - 3 potions of haste {unknown}
Miscellaneous
 B - a condenser vane


   Skills:
 + Level 18.9 Fighting
 - Level 10.0 Short Blades
 + Level 9.7 Armour
 - Level 6.0 Shields
 + Level 14.7 Invocations
 - Level 4.0 Evocations


You had 16 spell levels left.
You didn't know any spells.
Your spell library contained the following spells:

 Spells                   Type           Power      Damage    Failure   Level
 Blink                    Tloc           0%         N/A       100%        2
 Lesser Beckoning         Tloc           0%         N/A       100%        2
 Momentum Strike          Conj/Tloc      0%         3d8       100%        2
 Fugue of the Fallen      Necr           0%         N/A       100%        3
 Ozocubu's Armour         Ice            0%         N/A       100%        3
 Passwall                 Erth           0%         N/A       100%        3
 Volatile Blastmotes      Fire/Tloc      0%         2d10      100%        3
 Vhi's Electric Charge    Tloc/Air       0%         N/A       100%        4
 Bombard                  Conj/Erth      0%         9d1       100%        6
 Haunt                    Necr/Summ      0%         N/A       100%        7
 Manifold Assault         Tloc           0%         N/A       100%        7
 Spellforged Servitor     Conj/Summ      0%         N/A       100%        7
 Chain Lightning          Conj/Air       0%         N/A       100%        9
 Fire Storm               Conj/Fire      0%         5d1       100%        9
 Shatter                  Erth           0%         3d5*      100%        9


Dungeon Overview and Level Annotations

Branches:
Dungeon (14/15)            Temple (1/1) D:7            Lair (4/5) D:11
 Shoals (1/4) Lair:2        Snake (4/4) Lair:3          Orc (2/2) D:10
    Elf (0/3) Orc:2       Ossuary (visited)         Volcano (visited)
  Slime: Lair:4-5    Vaults: D:13-14

Altars:
Ashenzari
Cheibriados
Dithmenos
Elyvilon
Fedhas
Gozag
Hepliaklqana
Kikubaaqudgha
Makhleb
Nemelex Xobeh
Okawaru
Qazlal
Ru
Sif Muna
Trog
Uskayaw
Vehumet
Wu Jian
Xom
Yredelemnul
Zin
The Shining One
Beogh

Shops:
D:7 ?   D:10 *   Orc:2 *(*:   Snake:2 (   Snake:3 =?*[

Portals:
Ice
Cave: D:13

Annotations:
D:5 2 runed translucent doors
D:7 1 runed translucent door, jasper's ghost, novice OnFi
D:8 1 runed translucent door, peachesNpie's ghost, novice MiBe
D:10 3 runed translucent doors, TwadoKnight's ghost, novice MiFi
Lair:1 3 runed translucent doors, Joejoil's ghost, journeyman DrSu
Snake:3 2 transporters


Innate Abilities, Weirdness & Mutations

You have razor-sharp teeth.
Your natural rate of healing is unusually fast.
When hurt, damage is shared between your health and your magic reserves.
Your bite disrupts and absorbs the magic of your enemies.
Potions cannot restore your health.
You are partially covered in iridescent scales. (AC +2)
You are resistant to electric shocks. (rElec)
Your spells are a little harder to cast, but a little more powerful.


Message History

You kill the black mamba!
You feel very sick.
The naga warrior is no longer paralysed.
The nagaraja spits poison at you. The splash of poison hits you. You resist.
Uskayaw will force your foes to share their pain.
Uskayaw links your audience in an emotional bond!
You enter the shallow water.
Moving in this stuff is going to be slow.
You feel very sick. The nagaraja spits poison at you.
The splash of poison hits you. You resist.
You see here a black mamba corpse.
Aiming: Line Pass
Press: ? - help, Dir - move target
Okay, then.
You feel very sick.
The nagaraja hits you from afar with a +0 halberd!
The nagaraja points at you and mumbles some strange words.
The poison arrow hits you!
You are more poisoned.
You partially resist. The nagaraja closely misses you.
The nagaraja casts a spell at you. The bolt of poison hits you! You resist.
The naga barely misses you. The naga grabs you. The naga constricts you.
The nagaraja gestures at you while chanting.
The bolt of poison hits the naga!
You kill the nagaraja!
You hear a splash. x2
The naga dies!
The bolt of poison hits you! You resist.
* * * LOW HITPOINT WARNING * * *
Okay, then.
As you read the scroll of teleportation, it crumbles to dust.
You feel strangely unstable.
You feel extremely sick.
The nagaraja hits you from afar with a +3 spear!!!
You die...
Your body falls in perfect tune with the rhythm.

... ##....###).# ##.
##....## #).## #...###
##..~# ####.
##...#####~.≈≈### .....
#.#.#.#≈≈≈≈.)~≈.## ######
##...##≈≈≈)......#
##...####.#.#≈≈~...~~~~.#
#.###.##....##≈~.†~≈≈≈~.#
#.....##.....##≈@≈≈≈≈≈~.[#
.......#......##)≈≈≈~~..≈#
.~~~~~.')....~≈#.)N~...~≈#
.~≈≈≈~.#.)...~≈#..N..φ.~≈#
.~~~~~.'.....~≈#.≈~~...~≈#
.......#......##.~≈~~≈..~#
#.....##.....##~.~≈~≈~≈..
#.###.##....## ~.~~~≈≈~.
##. .####.#.#


You could see a nagaraja (fast, strong, catching breath, pain bonded) and a naga
warrior (pain bonded).

Vanquished Creatures
  8 nagarajas
  Louise (Snake:3)
  A stone giant (Volcano)
  Nessos (Lair:4)
  2 merfolk impalers (Shoals:1)
  Josephine (D:11)
  An ettin (Orc:2)
  A hydra (Lair:3)
  A salamander tyrant (Snake:4)
  10 anacondas
  2 boulder beetles
  4 two-headed ogres
  12 naga warriors
  2 orc high priests (Orc:2)
  12 naga sharpshooters
  7 shock serpents
  Sonja (Orc:2)
  A skyshark (Shoals:1)
  11 sea snakes
  4 salamander mystics
  5 naga ritualists
  7 mana vipers
  A harpy (shapeshifter) (D:9)
  An orc knight (Orc:2)
  An obsidian bat (Orc:2)
  4 ugly things
  4 manticores
  5 orc sorcerers (Orc:2)
  A faun (Shoals:1)
  2 cyclopes (Shoals:1)
  2 kobold blastminers (Orc:1)
  7 elephants
  15 salamanders
  11 naga magi
  26 black mambas
  A molten gargoyle (Volcano)
  7 cane toads
  2 gargoyles
  4 guardian serpents
  4 kobold demonologists (D:11)
  3 rime drakes
  An efreet (Volcano)
  7 komodo dragons
  9 merfolk
  A polar bear (Lair:2)
  4 trolls
  A blink frog (shapeshifter) (D:9)
  4 blink frogs (Lair:1)
  2 snapping turtles (Shoals:1)
  5 dream sheep (Shoals:1)
  6 wraiths (D:11)
  33 yaks
  A water elemental (Shoals:1)
  4 wyverns
  A basilisk (Lair:2)
  A basilisk (shapeshifter) (D:9)
  4 fire bats (Volcano)
  2 steam dragons
  Eustachio (D:4)
  A warg (Orc:2)
  8 vampire mosquitoes
  An acid dragon (D:11)
  11 water moccasins
  29 nagas
  6 black bears
  18 orc warriors
  2 sky beasts
  6 ogres
  22 wolves
  A centaur (D:6)
  3 kobold brigands
  15 bullfrogs
  2 wyvern zombies (D:9)
  4 earth elementals (Volcano)
  3 scorpions
  A gnoll sergeant (D:7)
  4 wights
  11 howler monkeys
  3 electric eels (D:11)
  5 lava snakes (Volcano)
  5 hounds
  6 jellies
  2 bombardier beetles
  27 orc priests
  2 gnoll boudas (D:9)
  2 sleepcaps
  3 iguanas (D:5)
  40 orc wizards
  8 mummies (Ossuary)
  Robin (D:3)
  16 gnolls
  6 adders
  4 shadow imps
  A white imp (D:5)
  4 dart slugs
  51 orcs
  4 bats
  6 endoplasms
  2 giant cockroaches (D:2)
  2 gnoll zombies (Ossuary)
  3 hobgoblins
  7 jackals
  11 kobolds
  6 quokkas
  6 ball pythons
  3 frilled lizards
  22 goblins
  4 hobgoblin zombies (Ossuary)
  2 orc zombies (Ossuary)
  3 rats
698 creatures vanquished.

Vanquished Creatures (others)
  A naga (Snake:4)
  An orc wizard (Orc:2)
2 creatures vanquished.

Grand Total: 700 creatures vanquished

Notes
Turn   | Place    | Note
-------+----------+-------------------------------------------
     0 | D:1      | smashvw the Vine Stalker Fighter began the quest for the
                  | Orb.
     0 | D:1      | Reached XP level 1. HP: 11/11 MP: 2/2
   135 | D:1      | Reached XP level 2. HP: 12/16 MP: 0/3
   453 | D:1      | Reached skill level 3 in Fighting
   579 | D:1      | Reached XP level 3. HP: 19/20 MP: 4/4
   829 | D:2      | Reached XP level 4. HP: 14/24 MP: 5/5
   986 | D:2      | Identified the +7 dagger "smashvw's Foe" {freeze, rF+ Will+
                  | Dex+5}
  1329 | D:2      | Found a faded altar of an unknown god.
  1473 | D:3      | Reached XP level 5. HP: 28/28 MP: 6/6
  1702 | D:3      | Noticed Robin
  1721 | D:3      | Killed Robin
  1908 | D:3      | Identified the +1 robe of Awe {Will++ Str-3 Int+3 Dex+3}
  2134 | D:4      | Reached XP level 6. HP: 30/32 MP: 5/7
  2221 | D:4      | Noticed Eustachio
  2241 | D:4      | Reached skill level 4 in Fighting
  2258 | D:4      | Killed Eustachio
  2259 | D:4      | Reached XP level 7. HP: 22/38 MP: 8/8
  2696 | D:5      | Entered Level 5 of the Dungeon
  2970 | D:5      | Found a large runed translucent door.
  2970 | D:5      | Found a large runed translucent door.
  2976 | D:5      | Noticed a troll
  2978 | D:5      | Noticed a steam dragon
  2986 | D:5      | Found a large runed translucent door.
  2986 | D:5      | Found a large runed translucent door.
  3027 | D:5      | Reached skill level 5 in Fighting
  3035 | D:5      | Noticed a troll
  3186 | D:5      | Reached skill level 5 in Shields
  3186 | D:5      | Gained mutation: You have razor-sharp teeth. [Vine Stalker
                  | growth]
  3186 | D:5      | Reached XP level 8. HP: 28/43 MP: 7/9
  3391 | D:5      | Noticed a two-headed ogre
  3646 | D:5      | Killed a troll
  3647 | D:5      | Reached skill level 5 in Short Blades
  3824 | D:6      | Reached skill level 6 in Fighting
  3828 | D:6      | Found a sand-covered staircase.
  3837 | Ossuary  | Entered an ossuary
  4133 | D:6      | Reached XP level 9. HP: 43/49 MP: 7/10
  4146 | D:6      | Found a blossoming altar of Fedhas.
  4180 | D:6      | Found a hazy altar of Hepliaklqana.
  4424 | D:5      | Killed a troll
  4428 | D:5      | Reached skill level 7 in Fighting
  4447 | D:5      | Got Ekeefoba's Highest Levels of Theurgy
  4923 | D:7      | Found a runed translucent door.
  4927 | D:7      | Noticed jasper's ghost (novice OnFi)
  4970 | D:7      | Found a staircase to the Ecumenical Temple.
  4981 | Temple   | Entered the Ecumenical Temple
  4990 | Temple   | Became a worshipper of Uskayaw the Reveller
  5014 | D:7      | Reached * piety under Uskayaw
  5063 | D:7      | Found a glowing silver altar of Zin.
  5120 | D:7      | Reached ** piety under Uskayaw
  5126 | D:7      | Reached *** piety under Uskayaw
  5132 | D:7      | Reached **** piety under Uskayaw
  5137 | D:7      | Reached ***** piety under Uskayaw
  5237 | D:7      | Found Fisani's Magic Scroll Boutique.
  5240 | D:7      | Bought a scroll of blinking for 90 gold pieces
  5357 | D:7      | Found a sacrificial altar of Ru.
  5449 | D:8      | Found a runed translucent door.
  5450 | D:8      | Noticed a centaur warrior
  5450 | D:8      | Noticed peachesNpie's ghost (novice MiBe)
  5673 | D:8      | Reached skill level 8 in Fighting
  5737 | D:8      | Killed a two-headed ogre
  5738 | D:8      | Reached XP level 10. HP: 42/57 MP: 11/11
  6446 | D:9      | Reached skill level 9 in Fighting
  6461 | D:9      | Noticed a two-headed ogre
  6469 | D:9      | Killed a two-headed ogre
  6470 | D:9      | Reached skill level 1 in Invocations
  6759 | D:9      | Noticed a two-headed ogre
  6759 | D:9      | Noticed a red ugly thing
  6787 | D:9      | Killed a two-headed ogre
  6875 | D:9      | Reached XP level 11. HP: 63/63 MP: 14/14
  6910 | D:9      | Killed a red ugly thing
  6911 | D:9      | Reached skill level 10 in Fighting
  6995 | D:9      | Reached skill level 10 in Short Blades
  7057 | D:9      | Noticed a red ugly thing
  7068 | D:9      | Killed a red ugly thing
  7069 | D:9      | Reached skill level 5 in Invocations
  7107 | D:9      | Identified the ring of Gozag's Reproof {rPois rF+}
  7129 | D:9      | Noticed a harpy
  7138 | D:9      | Killed a harpy
  7547 | D:10     | Entered Level 10 of the Dungeon
  7547 | D:10     | Found a staircase to the Orcish Mines.
  7549 | D:10     | Found a runed translucent gate.
  7550 | D:10     | Found a runed translucent gate.
  7551 | D:10     | Found a runed translucent gate.
  7552 | D:10     | Found an opulent altar of Gozag.
  7756 | D:10     | Noticed a red ugly thing
  7767 | D:10     | Killed a red ugly thing
  7845 | D:10     | Noticed a centaur warrior
  7845 | D:10     | Noticed a centaur warrior
  7846 | D:10     | Found Kuxot's Assorted Antiques.
  7846 | D:10     | Noticed TwadoKnight's ghost (novice MiFi)
  7846 | D:10     | Noticed a deep troll
  7846 | D:10     | Noticed a boulder beetle
  8260 | D:11     | Noticed a two-headed ogre
  8278 | D:11     | Killed a two-headed ogre
  8339 | D:11     | Reached XP level 12. HP: 60/67 MP: 20/20
  8343 | D:11     | Reached skill level 10 in Invocations
  8437 | D:11     | Found a staircase to the Lair.
  8500 | D:11     | You fall into a shaft and drop 3 floors!
  8614 | D:14     | Noticed a two-headed ogre
  8614 | D:14     | Noticed a two-headed ogre
  8614 | D:14     | Noticed an ogre mage
  8614 | D:14     | Noticed a two-headed ogre
  8707 | D:13     | Noticed a boulder beetle
  8721 | D:13     | Found a frozen archway.
  8881 | D:12     | Noticed a two-headed ogre
  8881 | D:12     | Noticed a centaur warrior
  8893 | D:12     | Noticed a death knight
  8893 | D:12     | Noticed a rakshasa
  9020 | D:11     | Noticed a boulder beetle
  9036 | D:11     | Killed a boulder beetle
  9072 | D:11     | Noticed Josephine
  9084 | D:11     | Killed Josephine
  9433 | Lair:1   | Entered Level 1 of the Lair of Beasts
  9606 | Lair:1   | Reached ****** piety under Uskayaw
  9688 | Lair:1   | Reached skill level 5 in Armour
  9835 | Lair:1   | Found a runed translucent gate.
  9838 | Lair:1   | Noticed Joejoil's ghost (journeyman DrSu)
  9838 | Lair:1   | Noticed a ten-headed hydra
  9839 | Lair:1   | Noticed an 11-headed hydra
  9841 | Lair:1   | Found a runed translucent gate.
  9841 | Lair:1   | Found a runed translucent gate.
 10132 | Lair:1   | Reached skill level 11 in Fighting
 10265 | Lair:1   | Reached XP level 13. HP: 49/74 MP: 20/23
 10722 | Lair:2   | You fall into a shaft and drop 2 floors!
 11078 | Lair:4   | Noticed Nessos
 11101 | Lair:4   | Killed Nessos
 11217 | Lair:3   | Reached skill level 12 in Fighting
 11761 | Lair:2   | Found a staircase to the Shoals.
 12484 | Lair:3   | Found a staircase to the Snake Pit.
 13127 | Lair:4   | Identified the +1 chain mail of Lofiwn {rPois}
 13517 | Orc:1    | Entered Level 1 of the Orcish Mines
 13783 | Orc:1    | Reached skill level 13 in Fighting
 14049 | Orc:2    | Entered Level 2 of the Orcish Mines
 14057 | Orc:2    | Noticed Sonja
 14068 | Orc:2    | Killed Sonja
 14224 | Orc:2    | Found a staircase to the Elven Halls.
 14236 | Orc:2    | Reached XP level 14. HP: 58/82 MP: 16/24
 14241 | Orc:2    | Found a dark tunnel.
 14248 | Volcano  | Entered a volcano
 14370 | Volcano  | Noticed a stone giant
 14387 | Volcano  | Found a burning altar of Makhleb.
 14400 | Volcano  | Killed a stone giant
 14638 | Volcano  | Reached skill level 14 in Fighting
 15089 | Orc:2    | Found a roughly hewn altar of Beogh.
 15376 | Orc:2    | Found Agisuiqugh's General Store.
 15376 | Orc:2    | Found Dauk's General Store.
 15402 | Orc:2    | Found Irhaz's Antique Weapon Boutique.
 15404 | Orc:2    | Found Corass's Book Shop.
 15619 | Orc:2    | HP: 1/84 [ettin/+0 dire flail (11)]
 16083 | Shoals:1 | Entered Level 1 of the Shoals
 16132 | Shoals:1 | Reached skill level 15 in Fighting
 16584 | Shoals:1 | HP: 4/86 [poisoned by a sea snake]
 17011 | Snake:1  | Entered Level 1 of the Snake Pit
 17293 | Snake:1  | Reached skill level 16 in Fighting
 17438 | Snake:1  | Reached XP level 15. HP: 93/93 MP: 25/25
 17501 | Snake:1  | Noticed a nagaraja
 17514 | Snake:1  | Killed a nagaraja
 17515 | Snake:1  | Reached skill level 17 in Fighting
 18006 | Snake:2  | Found Izoiqa's Firing Range.
 18051 | Snake:2  | Reached XP level 16. HP: 72/98 MP: 18/26
 18334 | Snake:2  | Gained mutation: You passively map a small area around you.
                  | [potion of mutation]
 18334 | Snake:2  | Gained mutation: You are robust. (+10% HP) [potion of
                  | mutation]
 18334 | Snake:2  | Lost mutation: You are robust. (+10% HP) [potion of
                  | mutation]
 18335 | Snake:2  | Lost mutation: You passively map a small area around you.
                  | [potion of mutation]
 18335 | Snake:2  | Gained mutation: You are partially covered in iridescent
                  | scales. (AC +2) [potion of mutation]
 18335 | Snake:2  | Gained mutation: Your spells are a little harder to cast,
                  | but a little more powerful. [potion of mutation]
 18335 | Snake:2  | Gained mutation: You are resistant to electric shocks.
                  | (rElec) [potion of mutation]
 18588 | Snake:2  | You fall into a shaft and drop 1 floor!
 19743 | Snake:3  | Found a transporter.
 19790 | Snake:3  | Noticed a nagaraja
 19800 | Snake:3  | Killed a nagaraja
 19801 | Snake:3  | Reached skill level 1 in Evocations
 19859 | Snake:3  | Noticed Louise
 19869 | Snake:3  | Killed Louise
 19879 | Snake:3  | Reached skill level 18 in Fighting
 19885 | Snake:3  | HP: 2/100 [naga sharpshooter/arrow (6)]
 20184 | Snake:3  | Found Rysereg's Assorted Antiques.
 20184 | Snake:3  | Found Utith's Armour Shoppe.
 20236 | Snake:3  | Found Bul Kyry's Magic Scroll Shop.
 20238 | Snake:3  | Bought a scroll of blinking for 165 gold pieces
 20243 | Snake:3  | Bought a +0 kite shield for 72 gold pieces
 20248 | Snake:3  | Found Saown's Jewellery Emporium.
 20252 | Snake:3  | Bought 3 scrolls of teleportation for 117 gold pieces
 20252 | Snake:3  | Bought a scroll of teleportation for 39 gold pieces
 20252 | Snake:3  | Bought a scroll of identify for 26 gold pieces
 20252 | Snake:3  | Bought a scroll of fear for 52 gold pieces
 20252 | Snake:3  | Bought a scroll of teleportation for 39 gold pieces
 20252 | Snake:3  | Bought a scroll of torment for 123 gold pieces
 20252 | Snake:3  | Bought a scroll of enchant armour for 97 gold pieces
 20368 | Snake:3  | Found a transporter.
 20438 | Snake:4  | Entered Level 4 of the Snake Pit
 21591 | Snake:4  | Noticed a nagaraja
 21593 | Snake:4  | Reached XP level 17. HP: 82/105 MP: 24/28
 22406 | Snake:4  | Mangled by a nagaraja

Illustrated notes

Levels and vault maps discovered:
D:1:      sevenhm_arrival_forest_fort_small_3, layout_basic
D:2:      layout_loops_ring, shapermc_ecumenical_altar_mp_vishouse
D:3:      minmay_spotlight, layout_basic, uniq_robin
D:4:      layout_rooms, eino_tiny_chamber, uniq_eustachio
D:5:      layout_loops_ring, minmay_hollow_rounded_squares
D:6:      layout_gridville, mainiacjoe_overflow_catwalk_spiral,
          nicolae_ossuary_entry_monument, st_stairs_10, nicolae_letterblocks
          [nicolae_letter_subblock, nicolae_letter_subblock,
          nicolae_letter_subblock, nicolae_letter_subblock,
          nicolae_letter_subblock, nicolae_letter_subblock,
          nicolae_letter_subblock, nicolae_letter_subblock,
          nicolae_letter_subblock, nicolae_letter_subblock,
          nicolae_letter_subblock, nicolae_letter_subblock,
          nicolae_letter_subblock, nicolae_letter_subblock,
          nicolae_letter_subblock, nicolae_letter_subblock,
          nicolae_letter_subblock, nicolae_letter_subblock,
          nicolae_letter_subblock, nicolae_letter_subblock,
          nicolae_letter_subblock, nicolae_letter_subblock,
          nicolae_letter_subblock, nicolae_letter_subblock,
          nicolae_letter_subblock]
D:7:      layout_basic, marbit_many_paths, nicolae_ru_path_of_blood,
          minmay_temple_entry_stoned_glass, serial_shops, shop,
          ebering_ghost_reflecting_pool, nicolae_figureground_pulse
D:8:      layout_basic, ebering_ghost_inner_flame, minivault_19, hex_medium,
          kennysheep_generic_room_2
D:9:      regret_index_malice_mire, layout_loops_ring
D:10:     layout_cross, ebering_ghost_gozag
D:11:     layout_loops_ring, erik_lair_island, gauntlet_entry_generic,
          uniq_josephine
D:12:     minmay_the_grid_octo_triangle [minmay_the_grid_octo_chip,
          minmay_the_grid_octo_prize_ultimate_mussel_roller,
          minmay_the_grid_octo_teeth], layout_basic, serial_park_tiny_1
D:13:     kennysheep_room_grid, layout_long_grid, portal_ice_cave_rime,
          minivault_20, drop_trap, minmay_checkerbox
D:14:     layout_basic, erik_vaults_1, minivault_25, serial_shops,
          nicolae_shop_peninsula, minmay_bent
Temple:   regret_index_temple_mists
Lair:1:   layout_hall_layers, gammafunk_ghost_hydra_chop
Lair:2:   layout_cave_pods, elwin_shoals_entry_stream
Lair:3:   layout_long_grid, dummy_snake_entry
Lair:4:   layout_small_grid, chequers_serial_rivers_micro_e, grunt_megastairs_2,
          uniq_nessos
Shoals:1: layout_shoals, nicolae_tricolors
Snake:1:  layout_onion, drop_trap
Snake:2:  layout_onion_interference, nicolae_shop_firing_range
Snake:3:  gammafunk_its_a_trap, layout_basic, nicolae_snake_serpentine_bazaar,
          uniq_louise
Snake:4:  grunt_snake_rune_pools, layout_rooms, nrook_guardian_serpent_ordinary
Orc:1:    layout_caves
Orc:2:    st_orc_mages, layout_diamond_mine, basic_altar,
          nicolae_volcano_entry_lava_flow, uniq_sonja

Skill      XL: |  1  2  3  4  5  6  7  8  9 10 11 12 13 14 15 16 17 |
---------------+----------------------------------------------------+-----
Short Blades   | 2 3 4 6 8 9 10 | 10.0
Fighting       | 3 4 5 6 8 9 10 11 13 16 17 18 | 18.9
Shields        | 3 4 5 6 |  6.0
Armour         | 3 5 8 9 |  9.7
Invocations    | 3 9 12 13 14 | 14.7
Evocations     | 4 |  4.0

Action                     |  1- 3 |  4- 6 |  7- 9 | 10-12 | 13-15 | 16-18 || total
---------------------------+-------+-------+-------+-------+-------+-------++-------
  Melee: Rapier            |    80 |    28 |       |       |       |       ||   108
         Bite              |    12 |    34 |   104 |   234 |   470 |   302 ||  1156
         Dagger            |       |   115 |   300 |   453 |   946 |   659 ||  2473
         Short sword       |       |       |       |   150 |   150 |       ||   300
 Invoke: Stomp             |       |       |       |       |    12 |     1 ||    13
         Line Pass         |       |       |       |       |     1 |     1 ||     2
         Grand Finale      |       |       |       |       |       |     1 ||     1
  Evoke: Condenser vane    |       |       |     1 |     1 |       |       ||     2
         Wand              |       |       |       |     6 |     3 |     8 ||    17
    Use: Scroll            |       |       |    13 |    11 |     9 |     8 ||    41
         Potion            |       |       |     1 |     1 |     3 |     3 ||     8
   Stab: Paralysed         |       |       |     4 |    34 |    53 |    60 ||   151
         Confused          |       |       |       |       |     1 |     1 ||     2
 Armour: Scale mail        |    86 |    84 |   137 |       |       |       ||   307
         Chain mail        |       |       |    34 |   361 |   202 |       ||   597
         Plate armour      |       |       |       |       |   585 |   570 ||  1155
  Dodge: Dodged            |    46 |    45 |    76 |   148 |   191 |   121 ||   627
  Block: Buckler           |    19 |    30 |    39 |   131 |   253 |   136 ||   608

Table legend: (Time is in decaauts)
 A = Elapsed time spent in this place.
 B = Non-inter-level travel time spent in this place.
 C = Inter-level travel time spent in this place.
 D = Time resting spent in this place.
 E = Time spent auto-exploring this place.
 F = Levels seen in this place.
 G = Mean time per level.
                   A        B        C        D        E       F      G
               +--------+--------+--------+--------+--------+-----+--------+
         Total |  21269 |  20017 |   1252 |   1896 |  13742 |  28 |  759.6 |
       Dungeon |   9410 |   8844 |    566 |    445 |   6549 |  14 |  672.1 |
        Temple |     23 |     13 |     10 |      0 |      0 |   1 |   23.0 |
          Lair |   3901 |   3474 |    427 |     51 |   2831 |   4 |  975.2 |
        Shoals |    751 |    751 |      0 |     75 |    416 |   1 |  751.0 |
     Snake Pit |   5040 |   4858 |    182 |   1104 |   2723 |   4 | 1260.0 |
  Orcish Mines |   1488 |   1423 |     65 |    190 |    845 |   2 |  744.0 |
       Ossuary |    227 |    227 |      0 |      0 |    130 |   1 |  227.0 |
       Volcano |    425 |    425 |      0 |     31 |    248 |   1 |  425.0 |
               +--------+--------+--------+--------+--------+-----+--------+

Top non-repeatable levels by time:
 Snake:3: 1872 daAuts
 Snake:2: 1465 daAuts
  Lair:2: 1270 daAuts
     D:9: 1118 daAuts
     D:5: 1109 daAuts
  Lair:1: 1042 daAuts
   Orc:2: 1011 daAuts
    D:11: 956 daAuts
    D:10: 912 daAuts
     D:8: 911 daAuts
  Lair:4: 857 daAuts
 Snake:1: 854 daAuts
 Snake:4: 847 daAuts
     D:1: 776 daAuts
Shoals:1: 751 daAuts
